 Dungeon Sprint DCSS version 0.29-a0-512-gf59ac788ac (webtiles) character file.

Game seed: 4546878962999291697

1723 mhtbhm the Grappler (level 8, -11/90 HPs)
             Began as a Troll Transmuter on May 29, 2022.
             Was an Initiate of Gozag.
             Mangled by a boulder beetle (29 damage)
             ... in the Dungeon (Sprint IX: "|||||||||||||||||||||||||||||").
             The game lasted 00:01:10 (423 turns).

mhtbhm the Grappler (Troll Transmuter)               Turns: 423, Time: 00:01:10

Health: -11/90     AC:  6    Str: 19    XL:     8   Next: 75%
Magic:  11/15      EV: 12    Int: 14    God:    Gozag
Gold:   657        SH:  0    Dex: 13    Spells: 8/18 levels left

rFire   x . .      SeeInvis .     - Unarmed
rCold   + + +      Faith    .   (shield currently unavailable)
rNeg    . . .      Spirit   .   (body armour currently unavailable)
rPois   +          Reflect  .   (helmet currently unavailable)
rElec   .          Harm     .   (cloak currently unavailable)
rCorr   .          Rampage  .   (gloves unavailable)
Will    .....      NoTele   +   (boots unavailable)
Stlth   +.........              (no amulet)
HPRegen 1.05/turn               m - +3 ring of intelligence
MPRegen 0.14/turn               n - +3 ring of dexterity

@: ice-form, wereblooded, gold aura, slowed, very slow
A: freezing attack, amphibious, boosted hp, large, unfitting armour, (claws 3),
regeneration 1, (shaggy fur 1), (tough skin 1)
a: End Transformation, Renounce Religion, Potion Petition, Call Merchant, Bribe
Branch


You were in the Dungeon.
You worshipped Gozag.
Gozag was pleased with you.
You were a creature of crystalline ice.
You visited 1 branch You collected 657 gold pieces.

Inventory:

Armour
 a - a +0 robe (melded)
 l - a +0 cloak (melded)
Jewellery
 m - a +3 ring of intelligence (left front paw)
 n - a +3 ring of dexterity (right front paw)
Wands
 k - a wand of iceblast (9)
Scrolls
 h - 2 scrolls of blinking
 j - 2 scrolls of amnesia
Potions
 b - a potion of lignification
 c - 5 potions of curing
 d - 3 potions of heal wounds
 e - a potion of haste
 f - 4 potions of magic
 g - a potion of berserk rage
 i - a potion of invisibility


   Skills:
 + Level 3.3 Fighting
 + Level 5.8 Dodging
 + Level 13.7 Unarmed Combat
 + Level 5.9 Spellcasting
 + Level 6.3 Transmutations
 + Level 0.5 Ice Magic


You had 8 spell levels left.
You knew the following spells:

 Your Spells              Type           Power      Damage    Failure   Level
a - Beastly Appendage     Tmut           42%        N/A       1%          1
b - Wereblood             Tmut           21%        N/A       1%          2
c - Spider Form           Tmut/Pois      13%        N/A       13%         3
d - Ice Form              Ice/Tmut       13%        N/A       36%         4

Your spell library contained the following spells:

 Spells                   Type           Power      Damage    Failure   Level


Dungeon Overview and Level Annotations

Branches:
Dungeon (1/1)

Altars:
Cheibriados
Dithmenos
Elyvilon
Fedhas
Gozag
Hepliaklqana
Kikubaaqudgha
Makhleb
Nemelex Xobeh
Okawaru
Qazlal
Ru
Sif Muna
Trog
Uskayaw
Vehumet
Wu Jian
Xom
Yredelemnul
Zin
The Shining One
Beogh
Jiyva
Lugonu


Innate Abilities, Weirdness & Mutations

You are a creature of crystalline ice.
You have a powerful freezing melee attack.
You are amphibious.
Your maximum health is increased.
Your armour is entirely melded.
You are incapable of wielding weapons or throwing items.
You are too large for most types of armour.
((You have claws for hands.))
Your natural rate of healing is unusually fast.
((You are covered in fur. (AC +1)))
((You have tough skin. (AC +1)))


Message History

The cyclops hits you but does no damage.
You punch the cyclops! You freeze the cyclops.
The cyclops is heavily wounded.
You punch the cyclops! You freeze the cyclops.
The cyclops is severely wounded.
The cyclops hits you but does no damage.
You punch the cyclops! You freeze the cyclops.
You feel a bit better.
You kill the cyclops!
You howl as the wereblood boils in your veins!
Your Transmutations skill increases to level 6!
Unknown command.
You punch the boulder beetle! You freeze the boulder beetle.
The boulder beetle is moderately wounded.
The boulder beetle leaps!
The wraith hits you! The wraith drains your vigour!
You feel yourself slow down.
Things that are here:
207 gold pieces; 3 large rocks The wraith attacks as you move away!
The wraith completely misses you.
The boulder beetle leaps!
There is an open door here.
The seven-headed hydra is distracted by your dazzling golden aura.
The boulder beetle curls into a ball and begins rolling!
You close the door.
You howl as the wereblood boils in your veins!
The boulder beetle hits you!!
The boulder beetle stops rolling and uncurls.
The boulder beetle bites you!!
* * * LOW HITPOINT WARNING * * *
You hit the boulder beetle. You freeze the boulder beetle.
The boulder beetle is lightly wounded.
The boulder beetle barely misses you.
You pummel the boulder beetle!! You freeze the boulder beetle!
The boulder beetle is severely wounded.
The boulder beetle barely misses you.
You hit the boulder beetle but do no damage.
The boulder beetle is severely wounded.
The boulder beetle bites you!!
You die...
Your body crumbles into a pile of gold.

▓°▓
▓R▓
▓g▓
▓W▓
▓D▓
▓$▓
▓+▓
▓.▓
$
▓Y▓
$
▓B▓
$ $
▓.▓
$
▓.▓
$
▓)▓
$
▓)▓
$ $
▓.▓
▓.▓
$
▓[▓


You could see a boulder beetle.

Vanquished Creatures
  A two-headed ogre (D)
  A cyclops (D)
  An unseen horror (D)
  A water moccasin (D)
  2 centaurs (D)
  2 necrophages (D)
  A gnoll sergeant (D)
  A scorpion (D)
  A wight (D)
  A hound (D)
  A dart slug (D)
  A goblin (D)
  A hobgoblin (D)
  2 kobolds (D)
17 creatures vanquished.

Notes
Turn   | Place    | Note
-------+----------+-------------------------------------------
     0 | D        | mhtbhm the Troll Transmuter began the quest for the Orb.
     0 | D        | Reached XP level 1. HP: 18/18 MP: 1/1
    18 | D        | Reached skill level 4 in Unarmed Combat
    70 | D        | Noticed a scorpion
    70 | D        | Noticed a water moccasin
    70 | D        | Noticed a necrophage
    70 | D        | Noticed a hound
    70 | D        | Noticed a necrophage
    75 | D        | Killed a necrophage
    76 | D        | Reached skill level 1 in Fighting
    76 | D        | Reached skill level 6 in Unarmed Combat
    76 | D        | Reached XP level 2. HP: 21/27 MP: 2/4
    76 | D        | Reached XP level 3. HP: 26/33 MP: 2/5
    76 | D        | Reached XP level 4. HP: 32/41 MP: 2/6
    82 | D        | Reached skill level 7 in Unarmed Combat
    83 | D        | Killed a necrophage
    84 | D        | Reached skill level 8 in Unarmed Combat
    84 | D        | Reached XP level 5. HP: 35/48 MP: 2/8
    87 | D        | Killed a water moccasin
    88 | D        | Reached skill level 9 in Unarmed Combat
    88 | D        | Reached XP level 6. HP: 33/55 MP: 2/10
    89 | D        | Reached skill level 10 in Unarmed Combat
   155 | D        | Learned a level 2 spell: Wereblood
   159 | D        | Learned a level 3 spell: Spider Form
   164 | D        | Learned a level 4 spell: Ice Form
   169 | D        | Found a snail-covered altar of Cheibriados.
   169 | D        | Found a shadowy altar of Dithmenos.
   169 | D        | Found a white marble altar of Elyvilon.
   169 | D        | Found a blossoming altar of Fedhas.
   169 | D        | Found an opulent altar of Gozag.
   170 | D        | Found a hazy altar of Hepliaklqana.
   171 | D        | Found a viscous altar of Jiyva.
   172 | D        | Found an ancient bone altar of Kikubaaqudgha.
   173 | D        | Found a corrupted altar of Lugonu.
   174 | D        | Found a burning altar of Makhleb.
   175 | D        | Found a sparkling altar of Nemelex Xobeh.
   176 | D        | Found an iron altar of Okawaru.
   177 | D        | Became a worshipper of Gozag Ym Sagoz the Greedy
   178 | D        | Found a stormy altar of Qazlal.
   179 | D        | Found a sacrificial altar of Ru.
   180 | D        | Found a shimmering blue altar of Sif Muna.
   181 | D        | Found a bloodstained altar of Trog.
   182 | D        | Found a hide-covered altar of Uskayaw.
   183 | D        | Found a radiant altar of Vehumet.
   184 | D        | Found an ornate altar of the Wu Jian Council.
   185 | D        | Found a shimmering altar of Xom.
   186 | D        | Found a basalt altar of Yredelemnul.
   187 | D        | Found a glowing silver altar of Zin.
   188 | D        | Found a glowing golden altar of the Shining One.
   251 | D        | Noticed a two-headed ogre
   254 | D        | Killed an unseen horror
   257 | D        | Reached skill level 11 in Unarmed Combat
   257 | D        | Reached XP level 7. HP: 45/65 MP: 2/12
   261 | D        | Killed a two-headed ogre
   262 | D        | Reached skill level 5 in Dodging
   262 | D        | Reached skill level 12 in Unarmed Combat
   262 | D        | Reached skill level 5 in Spellcasting
   262 | D        | Reached skill level 5 in Transmutations
   262 | D        | Reached XP level 8. HP: 49/75 MP: 2/15
   268 | D        | Reached skill level 13 in Unarmed Combat
   408 | D        | Noticed a seven-headed hydra
   408 | D        | Noticed an efreet
   408 | D        | Noticed a boulder beetle
   408 | D        | Noticed a cyclops
   414 | D        | Killed a cyclops
   423 | D        | Mangled by a boulder beetle

Illustrated notes

Levels and vault maps discovered:
D:        linesprint [early_d, line_temple, items_1, d_10, items_2, lair_1,
          lair_end, items_3, orc_1, orc_end, items_4, d_15, swamp_1, shoals_1,
          snake_1, spider_1, d_20, vaults_1, items_5, swamp_end, shoals_end,
          snake_end, spider_end, vaults_end, d_27, items_6, zot_1, zot_end,
          crypt_end, forest_end, elf_end, slime_end, tomb_end, abyss_end,
          pan_hell_end]

Skill      XL: |  1  2  3  4  5  6  7  8 |
---------------+-------------------------+-----
Unarmed Combat | 6 8 9 11 12 13 | 13.7
Fighting       | 1 2 3 |  3.3
Dodging        | 2 3 4 5 |  5.8
Spellcasting   | 2 3 4 5 |  5.9
Transmutations | 2 3 4 5 6 |  6.3
Ice Magic      | |  0.5

Action                   |  1- 3 |  4- 6 |  7- 9 || total
-------------------------+-------+-------+-------++-------
Melee: Unarmed           |    17 |    17 |    24 ||    58
       Headbutt          |     5 |     2 |       ||     7
       Kick              |     5 |       |       ||     5
       Punch             |       |     1 |       ||     1
 Cast: Beastly Appendage |     2 |     1 |       ||     3
       Wereblood         |       |     2 |     1 ||     3
       Ice Form          |       |     1 |     1 ||     2
Evoke: Wand              |       |       |     1 ||     1
Armor: Robe              |     6 |       |       ||     6
       Skin              |       |     1 |     2 ||     3
Dodge: Dodged            |     5 |     8 |    14 ||    27

Table legend: (Time is in decaauts)
 A = Elapsed time spent in this place.
 B = Non-inter-level travel time spent in this place.
 C = Inter-level travel time spent in this place.
 D = Time resting spent in this place.
 E = Time spent auto-exploring this place.
 F = Levels seen in this place.
 G = Mean time per level.
                   A        B        C        D        E       F      G
               +--------+--------+--------+--------+--------+-----+--------+
         Total |    415 |    415 |      0 |    245 |      0 |   1 |  415.0 |
       Dungeon |    415 |    415 |      0 |    245 |      0 |   1 |  415.0 |
               +--------+--------+--------+--------+--------+-----+--------+

Top non-repeatable levels by time:
       D: 415 daAuts
